 Dungeon Crawl Stone Soup version 0.23.2-40-g277498a001 (webtiles) character file.

Game seed: 3342422228511930271

161 Felnil the Skirmisher (level 5, -2/46 HPs)
             Began as a Mummy Fighter on Aug 14, 2019.
             Slain by a gnoll
             ... wielding a +0 club
              (5 damage)
             ... on level 3 of the Dungeon.
             The game lasted 00:05:19 (1930 turns).

Felnil the Skirmisher (Mummy Fighter)               Turns: 1930, Time: 00:05:20

Health: -2/46      AC:  6    Str: 20    XL:     5   Next: 19%
Magic:  5/5        EV:  7    Int:  8    God:
Gold:   105        SH:  8    Dex: 11    Spells: 4/4 levels left

rFire    x . .     SeeInvis .   k - +4 dagger (speed)
rCold    + . .     Gourm    .   c - +0 shield
rNeg     + + +     Faith    .   b - +0 scale mail
rPois    ∞         Spirit   .   (no helmet)
rElec    .         Reflect  .   (no cloak)
rCorr    .         Harm     .   (no gloves)
MR       .....                  (no boots)
Stlth    ..........             (no amulet)
HPRegen  0.15/turn              (no ring)
MPRegen  0.09/turn              (no ring)

@: no status effects
A: no food or potions, fire vulnerability, cold resistance 1, negative energy
resistance 3, torment resistance, unbreathing
a: no special abilities


You were on level 3 of the Dungeon.
You were not hungry.

You visited 1 branch of the dungeon, and saw 3 of its levels.

You collected 105 gold pieces.

Inventory:

Hand Weapons
 a - a +0 war axe
 j - a +0 short sword of venom
 k - a +4 dagger of speed (weapon)
Armour
 b - a +0 scale mail (worn)
 c - a +0 shield (worn)
Jewellery
 i - an uncursed amulet of rage {unknown}
Scrolls
 d - 2 scrolls of remove curse {unknown}
 e - 2 scrolls of fog {unknown}
 f - a scroll of identify {unknown}
 g - 2 scrolls of immolation {unknown}
 h - a scroll of enchant weapon {unknown}


   Skills:
 + Level 5.9 Fighting
 - Level 1.5 Axes
 - Level 2.4 Armour
 - Level 2.4 Shields


You had 4 spell levels left.
You didn't know any spells.
Your spell library was empty.

Dungeon Overview and Level Annotations

Branches:
Dungeon (3/15)

Altars:
Dithmenos
Uskayaw


Innate Abilities, Weirdness & Mutations

You do not eat or drink.
Your flesh is vulnerable to fire.
You are immune to poison.
Your flesh is cold resistant. (rC+)
You are immune to negative energy. (rN+++)
You are immune to unholy pain and torment.
You can survive without breathing.


Message History

You hit the gnoll.
The gnoll is almost dead.
The gnoll hits you.
* * * LOW HITPOINT WARNING * * *
Your shield prevents you from hitting the gnoll.
The gnoll is almost dead.
You barely miss the gnoll.
The gnoll is almost dead.
You block the gnoll's attack.
You hit the gnoll.
You kill the gnoll!
You block the gnoll's attack.
Items here: ) ††† a +0 mace; a gnoll corpse; an orc corpse; a gnoll corpse You closely miss the gnoll.
The gnoll hits you with a +0 club.
* * * LOW HITPOINT WARNING * * *
You puncture the gnoll!
The gnoll is heavily wounded.
The gnoll hits you with a +0 club.
You die...

.# #.# ?##.# .#.# ..# # # #.#
############## ...#.
#.#########.............
#....#...Kog@....############
#...K).((.######## #####
....#.#[##.# #.[.. . # #(##.#
#.### #.##.. ...## ..#####
#..# ### #..# #..# #..#


You could see a gnoll, an orc and a kobold.

Vanquished Creatures
  An orc priest (D:3)
  3 adders (D:2)
  3 gnolls (D:3)
  A worm (D:2)
  A dart slug (D:1)
  6 orcs (D:3)
  7 bats
  10 goblins
  10 hobgoblins
  4 jackals
  4 frilled lizards
  9 kobolds
  6 rats
65 creatures vanquished.

Notes
Turn   | Place    | Note
-------+----------+-------------------------------------------
     0 | D:1      | Felnil the Mummy Fighter began the quest for the Orb.
     0 | D:1      | Reached XP level 1. HP: 18/18 MP: 1/1
   203 | D:1      | Reached XP level 2. HP: 17/24 MP: 2/2
   378 | D:1      | Reached skill level 4 in Fighting
   698 | D:1      | Reached XP level 3. HP: 30/30 MP: 3/3
   974 | D:2      | Noticed a +0 dagger
   974 | D:2      | Noticed a +0 dagger
   975 | D:2      | Found a hide-covered altar of Uskayaw.
  1273 | D:2      | Found a shadowy altar of Dithmenos.
  1275 | D:2      | Reached XP level 4. HP: 38/38 MP: 4/4
  1279 | D:2      | Reached skill level 5 in Fighting
  1896 | D:3      | Reached XP level 5. HP: 33/46 MP: 5/5
  1930 | D:3      | Slain by a gnoll

Skill      XL: |  1  2  3  4 |
---------------+-------------+-----
Fighting       | 4 5 |  5.9
Axes           | |  1.5
Armour         | |  2.4
Shields        | |  2.4

Action                   |  1- 3 |  4- 6 || total
-------------------------+-------+-------++-------
Melee: War axe           |   137 |     6 ||   143
       Short sword       |       |    26 ||    26
       Dagger            |       |    41 ||    41
Armor: Scale mail        |    80 |    37 ||   117
Dodge: Dodged            |    67 |    20 ||    87
Block: Shield            |    91 |    29 ||   120
